 Dungeon Crawl Stone Soup version 0.28-a0-796-gd4f0d3f9b2 (webtiles) character file.

Game seed: 5832609725461182736

2751 Decritt the Geomancer (level 9, -4/55 HPs)
             Began as a Gargoyle Earth Elementalist on Nov 6, 2021.
             Was a Priest of Zin.
             Shot with a sling bullet by Joseph (7 damage)
             ... on level 7 of the Dungeon.
             The game lasted 00:38:43 (10467 turns).

Decritt the Geomancer (GrEE)                       Turns: 10467, Time: 00:38:44

Health: -4/55      AC: 15    Str: 18    XL:     9   Next: 68%
Magic:  21/22      EV: 11    Int: 19    God:    Zin [***...]
Gold:   71         SH:  5    Dex: 10    Spells: 10/14 levels left

rFire   . . .      SeeInvis .   x - +7 great mace "Undeadhunter" {disrupt, rN+}
rCold   . . .      Faith    .   (shield currently unavailable)
rNeg    + + .      Spirit   .   F - +0 acid dragon scales
rPois   ∞          Reflect  +   b - +0 helmet
rElec   +          Harm     .   (no cloak)
rCorr   +          Rampage  .   e - +0 pair of gloves
Will    .....                   (no boots)
Stlth   +.........              A - amulet of reflection
HPRegen 0.18/turn               n - +6 ring of strength
MPRegen 0.18/turn               E - ring of magical power

@: about to teleport, on recite cooldown
A: sickness immunity, AC +6, negative energy resistance 1, electricity
resistance, torment resistance 1, petrification resistance
a: Renounce Religion, Recite, Vitalisation, Imprison, Donate Gold


You were on level 7 of the Dungeon.
You worshipped Zin.
Zin was most pleased with you.
You visited 2 branches of the dungeon, and saw 8 of its levels.

You collected 375 gold pieces.
You spent 226 gold pieces at shops.
You donated 78 gold pieces to Zin.

Inventory:

Hand Weapons
 x - the +7 great mace "Undeadhunter" (weapon) {disrupt, rN+}
   (You found it on level 5 of the Dungeon)

   It inflicts significantly more damage against the undead.
   rN:        It protects you from negative energy.
Missiles
 t - 6 poisoned darts
 w - 4 boomerangs
 y - 82 stones
Armour
 b - a +0 helmet (worn)
 d - a +0 buckler
 e - a +0 pair of gloves (worn)
 F - +0 acid dragon scales (worn)
Magical Staves
 B - a staff of conjuration
Jewellery
 n - a +6 ring of strength (left hand)
 A - an amulet of reflection (around neck)
 E - a ring of magical power (right hand)
Wands
 z - a wand of iceblast (10)
Scrolls
 f - 2 scrolls of fear
 h - a scroll of enchant weapon {unknown}
 i - a scroll of holy word {unknown}
 j - 3 scrolls of amnesia
 o - a scroll of fog {unknown}
 s - a scroll of teleportation
 v - a scroll of summoning {unknown}
Potions
 a - 4 potions of curing
 c - 2 potions of berserk rage {unknown}
 k - a potion of flight {unknown}
 l - 3 potions of haste
 m - 2 potions of lignification {unknown}
 p - a potion of heal wounds
 q - a potion of ambrosia {unknown}
 u - a potion of cancellation {unknown}
 C - a potion of mutation {unknown}
 D - a potion of invisibility {unknown}


   Skills:
 - Level 6.0 Fighting
 - Level 3.1 Maces & Flails
 - Level 3.0 Armour
 + Level 2.5 Dodging
 - Level 2.1 Stealth
 - Level 3.1 Shields
 - Level 3.1 Spellcasting
 - Level 5.2 Conjurations
 - Level 0.7 Transmutations
 - Level 8.1 Earth Magic
 * Level 5.8 Invocations


You had 10 spell levels left.
You knew the following spells:

 Your Spells              Type           Power      Damage    Failure   Level
a - Sandblast             Erth           66%        2d15      1%          1
b - Stone Arrow           Conj/Erth      56%        3d10      3%          3

Your spell library contained the following spells:

 Spells                   Type           Power      Damage    Failure   Level
 Magic Dart               Conj           88%        1d7       2%          1
 Passwall                 Tmut/Erth      15%        N/A       4%          2
 Summon Small Mammal      Summ           8%         N/A       21%         1
 Dazzling Flash           Conj/Hex       24%        N/A       21%         3
 Mephitic Cloud           Conj/Pois/Air  9%         N/A       28%         3
 Call Imp                 Summ           2%         N/A       30%         2
 Petrify                  Tmut/Erth      19%        N/A       32%         4
 Call Canine Familiar     Summ           2%         N/A       52%         3
 Summon Guardian Golem    Hex/Summ       2%         N/A       52%         3
 Agony                    Necr           2%         N/A       99%         5
 Silence                  Hex/Air        1%         N/A       99%         5


Dungeon Overview and Level Annotations

Branches:
Dungeon (7/15)             Temple (1/1) D:5

Altars:
Ashenzari
Cheibriados
Dithmenos
Elyvilon
Fedhas
Gozag
Hepliaklqana
Kikubaaqudgha
Makhleb
Nemelex Xobeh
Qazlal
Ru
Sif Muna
Trog
Uskayaw
Vehumet
Wu Jian
Xom
Yredelemnul
Zin
The Shining One

Shops:
D:1 *   D:6 !

Annotations:
D:7 Joseph


Innate Abilities, Weirdness & Mutations

You are immune to sickness and miasma.
Your stone body is resilient. (AC +6)
You are immune to poison.
You resist negative energy. (rN+)
You are resistant to electric shocks. (rElec)
You are resistant to unholy torment.
You are immune to petrification.


Message History

Aiming: Sandblast (safe; 1% risk of failure)
Press: ? - help, Shift-Dir - straight line, f/p - Joseph
Aim: Joseph, wielding a +0 hunting sling, wearing a +0 leather armour, quivering sling bullets and carrying a wand of digging (1) (dazed, 82% to hit)
The blast of sand hits Joseph!
Joseph is lightly wounded.
Joseph unwields a +0 hunting sling.
Joseph wields a +0 quarterstaff.
Joseph hits you with a +0 quarterstaff!
* * * LOW HITPOINT WARNING * * *
Okay, then.
You feel much better. You block Joseph's attack.
You sock Joseph!
Joseph is moderately wounded.
Joseph barely misses you.
You barely miss Joseph.
Joseph is moderately wounded.
Joseph says, "You must be punished!
Or...
I want to punish you!" Joseph hits you with a +0 quarterstaff!
* * * LOW HITPOINT WARNING * * *
Joseph shouts, "At last, some action!"
Joseph hits you but does no damage.
You sock Joseph!
Joseph is heavily wounded.
Joseph is no longer dazed.
Joseph hits you with a +0 quarterstaff.
* * * LOW HITPOINT WARNING * * *
You hit Joseph.
Joseph is heavily wounded.
Joseph hits you with a +0 quarterstaff!
* * * LOW HITPOINT WARNING * * *
Joseph hits you with a +0 quarterstaff.
* * * LOW HITPOINT WARNING * * *
You feel much better. Joseph hits you with a +0 quarterstaff!
* * * LOW HITPOINT WARNING * * *
As you read the scroll of teleportation, it crumbles to dust.
You feel strangely unstable.
Joseph says, "I'm here to kill trespassers.
I like my job."
Joseph hits you with a +0 quarterstaff!
* * * LOW HITPOINT WARNING * * *
Joseph unwields a +0 quarterstaff.
Joseph wields a +0 hunting sling.
Joseph shoots a sling bullet.
The sling bullet hits you!
You die...

################
##...............###
...#########.......
#########@### ########
#...........#####.###
#.####....@.........# #.#
#.##.#.###.###.# #.# #.##.#.#
#.# #.# #......# #.# #.#
####...# ##.## #>### #...#
##...##
####...#####...#####.....##
##.##......................####
#.#........##..#.##............


You could see Joseph.

Vanquished Creatures
  A centaur zombie (D:7)
  Maggie (D:7)
  Eustachio (D:6)
  Menkaure (D:4)
  Edmund (D:5)
  A water moccasin (D:7)
  Duvessa (D:6)
  An orc warrior (D:6)
  A black bear (D:6)
  A necrophage (D:4)
  2 kobold brigands (D:6)
  A scorpion (D:7)
  2 bullfrogs
  A wyvern skeleton (D:7)
  A wyvern zombie (D:7)
  Dowan (D:6)
  A water moccasin skeleton (D:6)
  2 hounds (D:6)
  2 jellies
  2 orc priests
  A gnoll shaman (D:6)
  Jessica (D:3)
  6 iguanas
  A scorpion zombie (D:5)
  A killer bee zombie (D:6)
  A hound zombie (D:5)
  14 gnolls
  A howler monkey skeleton (D:6)
  6 adders
  A shadow imp (D:3)
  A white imp (D:7)
  An adder skeleton (D:4)
  A worm (D:4)
  2 dart slugs
  10 orcs
  6 bats
  8 endoplasms
  3 giant cockroaches (D:5)
  13 goblins
  12 hobgoblins
  4 jackals
  5 quokkas
  3 ball pythons
  6 frilled lizards
  10 kobolds
  7 rats
150 creatures vanquished.

Notes
Turn   | Place    | Note
-------+----------+-------------------------------------------
     0 | D:1      | Decritt the Gargoyle Earth Elementalist began the quest for
                  | the Orb.
     0 | D:1      | Reached XP level 1. HP: 10/10 MP: 3/3
   148 | D:1      | Reached skill level 4 in Earth Magic
   152 | D:1      | Reached XP level 2. HP: 15/15 MP: 0/5
   159 | D:1      | Found a faded altar of an unknown god.
   883 | D:2      | Reached XP level 3. HP: 19/19 MP: 6/6
  1781 | D:1      | Found Uwag's Assorted Antiques.
  1817 | D:1      | Bought a smoky cyan potion for 19 gold pieces
  1817 | D:1      | Bought a glowing sapphire potion for 19 gold pieces
  1817 | D:1      | Bought a fuming coppery potion for 19 gold pieces
  3237 | D:3      | Noticed Jessica
  3238 | D:3      | Killed Jessica
  3239 | D:3      | Reached skill level 1 in Fighting
  3239 | D:3      | Reached skill level 5 in Earth Magic
  3239 | D:3      | Reached XP level 4. HP: 25/25 MP: 5/8
  3324 | D:3      | Reached XP level 5. HP: 25/29 MP: 1/9
  5524 | D:4      | Reached skill level 1 in Armour
  5707 | D:4      | Noticed a necrophage
  5716 | D:4      | Killed a necrophage
  5717 | D:4      | Reached skill level 1 in Maces & Flails
  5717 | D:4      | Reached XP level 6. HP: 36/37 MP: 3/10
  6118 | D:4      | Noticed Menkaure
  6122 | D:4      | Killed Menkaure
  6123 | D:4      | Reached skill level 6 in Earth Magic
  6123 | D:4      | Reached XP level 7. HP: 35/41 MP: 11/11
  6350 | D:4      | Learned a level 3 spell: Stone Arrow
  6377 | D:4      | Reached skill level 1 in Shields
  6514 | D:4      | Reached skill level 1 in Conjurations
  6924 | D:5      | Entered Level 5 of the Dungeon
  6937 | D:5      | Found a staircase to the Ecumenical Temple.
  6945 | Temple   | Entered the Ecumenical Temple
  6989 | Temple   | Became a worshipper of Zin the Law-Giver
  6989 | Temple   | Reached * piety under Zin
  7646 | D:5      | Found the +7 great mace "Undeadhunter" {disrupt, rN+}
  7971 | D:5      | Reached ** piety under Zin
  7986 | D:5      | Noticed Edmund
  8003 | D:5      | Killed Edmund
  8447 | D:6      | Reached skill level 1 in Invocations
  8454 | D:6      | Reached XP level 8. HP: 43/48 MP: 10/12
  8561 | D:6      | Found Ahiwom's Distillery.
  8568 | D:6      | Bought a potion of curing for 39 gold pieces
  8568 | D:6      | Bought a potion of heal wounds for 65 gold pieces
  8568 | D:6      | Bought a potion of heal wounds for 65 gold pieces
  8568 | D:6      | Donated 47 gold pieces to Zin
  8740 | D:6      | Reached *** piety under Zin
  8868 | D:6      | Noticed Dowan
  8875 | D:6      | Killed Dowan
  8876 | D:6      | Reached skill level 5 in Fighting
  8884 | D:6      | Noticed Duvessa
  8889 | D:6      | Killed Duvessa
  9182 | D:6      | Noticed Eustachio
  9197 | D:6      | Killed Eustachio
  9198 | D:6      | Reached skill level 7 in Earth Magic
  9512 | D:7      | Reached XP level 9. HP: 30/55 MP: 13/13
  9705 | D:7      | Noticed Maggie
  9716 | D:7      | Killed Maggie
  9717 | D:7      | Reached skill level 5 in Conjurations
  9717 | D:7      | Reached skill level 8 in Earth Magic
 10254 | D:7      | Reached skill level 5 in Invocations
 10424 | D:7      | Noticed Joseph
 10467 | D:7      | Shot with a sling bullet by Joseph

Illustrated notes

Levels and vault maps discovered:
D:1:      evilmike_arrival_hilbert_curve, layout_rooms, serial_shops, shop,
          ebering_ecumenical_altar_abandoned, corner_web_ring,
          corexii_hall_statues_i
D:2:      cheibrodos_old_hovel, layout_basic, kennysheep_big_empty_room
D:3:      cheibrodos_greedy_goblins, layout_basic, minmay_surrounded,
          uniq_jessica
D:4:      layout_rooms, uniq_menkaure
D:5:      layout_cave_pools, minmay_temple_entry_glassed_door,
          gup_sewer_entry_bowl, amcnicky_mini_corridor_feature, uniq_edmund
D:6:      layout_basic, serial_shops, shop, uniq_duvessa, uniq_eustachio
D:7:      layout_loops_ring, kennysheep_okawaru_gauntlet, uniq_joseph,
          uniq_maggie
Temple:   compressed_dpeg_circular_temple

Skill      XL: |  1  2  3  4  5  6  7  8  9 |
---------------+----------------------------+-----
Earth Magic    | 4 5 6 7 8 |  8.1
Fighting       | 1 3 5 6 |  6.0
Spellcasting   | 3 |  3.1
Armour         | 1 3 |  3.0
Maces & Flails | 1 2 3 |  3.1
Shields        | 1 3 |  3.1
Conjurations   | 3 4 5 |  5.2
Invocations    | 1 4 5 |  5.8
Dodging        | 2 |  2.5
Stealth        | |  2.1
Transmutations | |  0.7

Action                   |  1- 3 |  4- 6 |  7- 9 || total
-------------------------+-------+-------+-------++-------
Melee: Unarmed           |    19 |       |       ||    19
       Club              |    81 |    60 |       ||   141
       Whip              |    18 |       |       ||    18
       Flail             |       |    99 |    83 ||   182
       Great mace        |       |       |   138 ||   138
Throw: Dart              |       |     9 |    20 ||    29
       Stone             |       |     4 |     3 ||     7
 Cast: Sandblast         |    30 |    31 |    37 ||    98
Invok: Donate Gold       |       |       |     2 ||     2
       Recite            |       |       |     6 ||     6
  Use: Scroll            |     3 |       |     5 ||     8
       Potion            |       |     1 |     2 ||     3
 Stab: Sleeping          |     1 |       |     1 ||     2
       Distracted        |       |     2 |       ||     2
       Confused          |       |       |     1 ||     1
       Invisible         |       |       |     1 ||     1
Armor: Robe              |    25 |       |       ||    25
       Ring mail         |    32 |   133 |    81 ||   246
       Acid dragon scale |       |       |    56 ||    56
Dodge: Dodged            |    97 |   125 |   154 ||   376
Block: Buckler           |       |       |    13 ||    13
       Other             |       |       |    46 ||    46
       Reflection        |       |       |     2 ||     2

Table legend: (Time is in decaauts)
 A = Elapsed time spent in this place.
 B = Non-inter-level travel time spent in this place.
 C = Inter-level travel time spent in this place.
 D = Time resting spent in this place.
 E = Time spent auto-exploring this place.
 F = Levels seen in this place.
 G = Mean time per level.
                   A        B        C        D        E       F      G
               +--------+--------+--------+--------+--------+-----+--------+
         Total |  10642 |  10443 |    199 |   3626 |   4885 |   8 | 1330.2 |
       Dungeon |  10219 |  10043 |    176 |   3292 |   4878 |   7 | 1459.9 |
        Temple |    422 |    399 |     23 |    334 |      7 |   1 |  422.0 |
               +--------+--------+--------+--------+--------+-----+--------+

Top non-repeatable levels by time:
     D:3: 1982 daAuts
     D:2: 1702 daAuts
     D:1: 1699 daAuts
     D:4: 1615 daAuts
     D:6: 1428 daAuts
     D:5: 1128 daAuts
     D:7: 662 daAuts
  Temple: 422 daAuts
